Match 46241894
Unlisted

Match 46241894
End
Construct Barracks
Selects Special Operations Battlegroup
Selects M29 Weasel Recon Vehicle
M29 Weasel Recon Vehicle
1⁄4-ton 4x4 Truck
Riflemen Squad
Riflemen Squad
Infantry Support Center
Engineer Squad
Construct Motor Pool
M8 Greyhound Armored Car
Grenade Package
M1 Anti-tank Gun Team
Construct Medical Station
Selects Raiding Flares
Selects SSF Commando Squad
Raiding Flares
SSF Commando Squad
Construct Tank Depot
M18 Hellcat Tank Destroyer
Selects Air Re-supply Operation
SSF Commando Squad
M4(105) Sherman Bulldozer
Air Re-Supply Operation
M4A1 Sherman Medium Tank
Selects P-47 Anti-Infantry Loiter
Selects UNKNOWN (2162291)
M4A1 Sherman Medium Tank
Survival Training
Raiding Flares
P-47 Anti-Infantry Loiter
oziligath
Lemon
0
0

Comments sign in to comment!

No comments posted yet!